Map: Cactus Valley LE (Void)

Players

llllllllllll (Oliveira) - Winner!

  • Race: Terran Terran
  • League: Grandmaster
  • Spawn Location: 1:00

NORTHAMERICA

  • Race: Protoss Protoss
  • League: Grandmaster
  • Spawn Location: 11:00

VOD

Have the link to the VOD?

Description

Time

  • Played on: March 22, 2017, 12:34 a.m.
  • Length: 6:35
Show
View Real Time Build Order
Export as new Build Order

llllllllllll Terran - Winner!

Build Orders: Reaper Expand 

Get SALT Encoding   

  12  0:00  SCV  
  13  0:12  SCV  
  14  0:18  Supply Depot  
  14  0:25  SCV  
  15  0:29  Refinery  
  15  0:39  SCV  
  16  0:46  Barracks  
  16  0:51  SCV  
  17  1:03  SCV  
  18  1:16  SCV  
  19  1:34  Orbital Command, Reaper  
  20  1:47  Command Center  
  20  1:55  Factory  
  20  1:59  SCV  
  21  2:07  Refinery  
  21  2:09  Barracks Reactor  
  21  2:12  SCV  
  22  2:17  Supply Depot  
  22  2:24  SCV  
  23  2:38  SCV  
  23  2:41  Starport  
  23  2:43  Factory Tech Lab  
  24  2:45  Marine x2  
  24  2:50  SCV  
  27  3:00  Orbital Command  
  27  3:04  SCV  
  28  3:06  Marine x2  
  28  3:10  Factory Tech Lab  
  30  3:16  SCV  
  30  3:17  Refinery  
  30  3:18  Barracks  
  31  3:23  Raven  
  33  3:27  SCV  
  33  3:28  SCV  
  33  3:30  Marine  
  33  3:33  Marine  
  37  3:39  SCV  
  38  3:43  SCV  
  38  3:47  Supply Depot  
  38  3:48  Siege Tank  
  42  3:53  SCV  
  43  3:56  Barracks  
  43  3:57  SCV  
  44  4:11  SCV  
  44  4:14  Combat Shields  
  44  4:15  Supply Depot  
  44  4:16  SCV  
  46  4:17  Marine  
  46  4:19  Liberator  
  46  4:20  Siege Tank  
  46  4:21  Marine  
  46  4:22  Marine  
  52  4:25  SCV  
  52  4:28  SCV  
  54  4:36  Marine  
  54  4:37  SCV  
  58  4:40  Marine  
  58  4:42  SCV  
  58  4:45  Marine  
  60  4:46  Marine  
  60  4:48  Supply Depot  
  61  4:53  SCV  
  62  5:04  Engineering Bay  
  62  5:09  Marine x4, Siege Tank  
  62  5:11  SCV, Supply Depot  
  70  5:31  Starport Reactor  
  70  5:32  Marine x2  
  70  5:33  SCV x2  
  70  5:34  Bunker, Marine  
  75  5:37  Marine  
  74  5:45  SCV x2  
  69  5:50  Marine x2  
  69  5:52  Marine  
  71  5:57  SCV x2  
  71  5:58  Marine  
  74  6:08  Marine  
  74  6:09  Barracks, SCV x2  
  74  6:10  Barracks  
  77  6:21  SCV x2  
  78  6:26  Factory Reactor  
  78  6:31  Refinery  
  78  6:32  Supply Depot  
Show
View Real Time Build Order
Export as new Build Order

NORTHAMERICA Protoss 

Build Orders: 1 Gate Expand, Oracle Opening, Phoenix Opening 

Get SALT Encoding   

  12  0:01  Probe (Chrono Boost)  
  13  0:11  Probe (Chrono Boost)  
  14  0:18  Pylon  
  14  0:22  Probe (Chrono Boost)  
  15  0:36  Probe (Chrono Boost)  
  15  0:38  Gateway  
  16  0:47  Probe (Chrono Boost)  
  16  0:48  Assimilator  
  17  0:57  Probe (Chrono Boost)  
  18  1:08  Probe (Chrono Boost)  
  19  1:22  Nexus  
  19  1:32  Cybernetics Core  
  19  1:35  Probe (Chrono Boost)  
  20  1:42  Assimilator  
  20  1:45  Probe (Chrono Boost)  
  21  1:51  Pylon  
  21  1:56  Probe (Chrono Boost)  
  22  2:06  Probe (Chrono Boost)  
  23  2:09  Adept  
  25  2:17  Mothership Core (Chrono Boost)  
  25  2:18  Warp Gate  
  27  2:35  Probe (Chrono Boost)  
  27  2:36  Probe (Chrono Boost)  
  29  2:45  Stargate  
  29  2:46  Probe x2 (Chrono Boost)  
  31  2:51  Adept  
  31  2:56  Probe (Chrono Boost)  
  31  2:57  Probe (Chrono Boost)  
  35  3:07  Probe x2 (Chrono Boost)  
  37  3:17  Probe (Chrono Boost)  
  37  3:18  Adept, Probe (Chrono Boost)  
  41  3:24  Oracle  
  41  3:27  Pylon  
  41  3:28  Probe (Chrono Boost)  
  41  3:30  Probe (Chrono Boost)  
  46  3:43  Pylon  
  46  3:45  Probe (Chrono Boost)  
  46  3:47  Pylon, Probe (Chrono Boost)  
  48  3:56  Probe (Chrono Boost)  
  48  3:57  Phoenix  
  51  4:09  Nexus, Pylon  
  51  4:16  Probe (Chrono Boost)  
  52  4:17  Probe (Chrono Boost)  
  52  4:19  Phoenix  
  55  4:28  Probe (Chrono Boost), Gateway  
  55  4:29  Probe (Chrono Boost), Gateway  
  57  4:39  Probe (Chrono Boost)  
  59  4:47  Probe (Chrono Boost)  
  59  4:50  Forge, Twilight Council, Probe (Chrono Boost), Pylon  
  60  4:55  Phoenix  
  60  4:59  Probe (Chrono Boost)  
  63  5:00  Probe (Chrono Boost)  
  63  5:01  Assimilator  
  63  5:06  Assimilator  
  64  5:11  Probe (Chrono Boost)  
  64  5:14  Pylon, Probe (Chrono Boost)  
  66  5:17  Phoenix  
  68  5:23  Probe (Chrono Boost)  
  68  5:26  Adept  
  68  5:27  Adept x2  
  75  5:38  Phoenix  
  77  5:47  Adept x2  
  77  5:48  Adept  
  63  5:58  Probe (Chrono Boost)  
  63  5:59  Gateway  
  63  6:01  Probe (Chrono Boost)  
  63  6:02  Gateway  
  63  6:03  Pylon  
  63  6:04  Gateway  
  64  6:05  Gateway  
  64  6:08  Pylon  
  64  6:09  Phoenix  
  64  6:16  Adept x3  
Tags
 
Add a new tag
Caveats
  • Supply blocks, unpowered buildings, or Contaminate may cause inaccurate times.
  • Supply counts are checked every 10 seconds.